 Dungeon Crawl Stone Soup version 0.21.1-1-g345015f (webtiles) character file.

8155 aMcNicky the Carver (level 11, -4/101 HPs)
             Began as a Minotaur Fighter on Mar 3, 2018.
             Was a Believer of Qazlal.
             Slain by a two-headed ogre
             ... wielding a +0 giant spiked club
              (16 damage)
             ... on level 9 of the Dungeon.
             The game lasted 00:35:25 (7929 turns).

aMcNicky the Carver (Minotaur Fighter)              Turns: 7929, Time: 00:35:26

Health: -4/101     AC: 11    Str: 24    XL:     11   Next: 6%
Magic:  16/16      EV:  7    Int:  5    God:    Qazlal [**....]
Gold:   568        SH: 16    Dex:  8    Spells: 10/10 levels left

rFire    + + .     SeeInvis .   a - +0 long sword
rCold    + . .     Gourm    +   c - +0 shield
rNeg     . . .     Faith    .   H - +1 scale mail {rPois}
rPois    +         Spirit   .   (helmet restricted)
rElec    .         Reflect  .   K - scarf {rC+ rF+}
rCorr    .         Harm     .   (no gloves)
MR       .....                  j - +2 pair of boots
Stlth    ..........             D - amulet of the gourmand
HPRegen  0.26/turn              F - ring of protection from fire
MPRegen  0.15/turn              O - ring of wizardry

@: no status effects
A: retaliatory headbutt, horns 2, large bone plates 1, clumsy 1
a: Upheaval, Renounce Religion


You were on level 9 of the Dungeon.
You worshipped Qazlal.
Qazlal was pleased with you.
You were not hungry.

You visited 1 branch of the dungeon, and saw 9 of its levels.

You collected 568 gold pieces.

Inventory:

Hand Weapons
 a - a +0 long sword (weapon)
 k - a +0 hunting sling
 v - a +0 arbalest
 M - a +1 hunting sling of flaming (quivered)
Missiles
 w - 110 arrows
Armour
 b - a +0 scale mail
 c - a +0 shield (worn)
 j - a +2 pair of boots (worn)
 H - a +1 scale mail of poison resistance (worn)
 J - a +0 plate armour
 K - a scarf of resistance (worn)
Jewellery
 D - an amulet of the gourmand (around neck)
 F - a ring of protection from fire (left hand)
 I - an uncursed amulet of magic regeneration
 O - a ring of wizardry (right hand)
Wands
 x - a wand of flame (33)
 G - a wand of enslavement (10)
Scrolls
 e - 3 scrolls of immolation
 g - 2 scrolls of teleportation {unknown}
 h - a scroll of fog {unknown}
 i - a scroll of amnesia {unknown}
 l - a scroll of blinking {unknown}
 m - 4 scrolls of remove curse {@r2}
 r - 2 scrolls of fear {unknown}
 y - 2 scrolls of magic mapping {unknown}
 z - a scroll of vulnerability {unknown}
 A - 2 scrolls of enchant weapon {unknown}
 B - a scroll of noise {unknown}
 N - a scroll of enchant armour {unknown}
Potions
 d - a potion of heal wounds {unknown}
 n - a potion of curing {unknown}
 o - a potion of resistance
 p - 2 potions of brilliance
 q - 2 potions of lignification
 s - a potion of degeneration {unknown}
 t - a potion of flight {unknown}
 u - 4 potions of mutation
 E - a potion of agility {unknown}
Books
 C - a book of Maledictions

   Spells                             Type                      Level
   a - Corona                         Hexes                        1
   b - Ensorcelled Hibernation        Hexes/Ice                    2
   c - Confuse                        Hexes                        3
   d - Tukima's Dance                 Hexes                        3
   e - Dazzling Spray                 Conjuration/Hexes            3
Comestibles
 f - 10 rations


   Skills:
 + Level 10.8 Fighting
 * Level 14.0 Long Blades
 - Level 4.0 Armour
 - Level 4.0 Shields
 + Level 8.3 Invocations


You had 10 spell levels left.
You didn't know any spells.

Dungeon Overview and Level Annotations

Branches:
Dungeon (9/15)             Temple (0/1) D:7
   Lair: D:8-11         Orc: D:9-12

Altars:
Gozag
Makhleb
Nemelex Xobeh
Qazlal
Trog
Vehumet
Xom
The Shining One

Shops:
D:6 }


Innate Abilities, Weirdness & Mutations

You reflexively headbutt those who attack you in melee.
You have a pair of horns on your head.
You are partially covered in large bone plates. (SH +4)
You are clumsy. (Dex -2)


Message History

You are too injured to fight recklessly!
You slash the two-headed ogre!
The two-headed ogre is moderately wounded.
Your shield and scale mail prevent you from hitting the two-headed ogre.
The two-headed ogre is moderately wounded.
You block the two-headed ogre's attack. x2
You hit the two-headed ogre.
The two-headed ogre is moderately wounded.
You barely miss the two-headed ogre.
The two-headed ogre is moderately wounded.
The two-headed ogre completely misses you.
You block the two-headed ogre's attack.
Your shield and scale mail prevent you from hitting the two-headed ogre.
The two-headed ogre is moderately wounded.
You slash the two-headed ogre!
The two-headed ogre is heavily wounded.
The two-headed ogre hits you with a giant spiked club!!
* * * LOW HITPOINT WARNING * * *
The two-headed ogre hits you with a giant club!
You die...

#####....#..........#....#....# .
.........#..........#....#....#..
.........#..........#....#....#..
.........#..........#....#.......
.........#..........#....#.......
.........#..........#....#.......
.........#..........#....#.......
#####....#.......O..[............
#....#......@)...............
#....#...................)###
#....#..................))...
#....#..................)....
#....#.......................
#....#.......................
#....#..................(...#
#....############..........(#
#............#.......#......#


You could see a two-headed ogre.

Vanquished Creatures
  Gastronok (D:9)
  A two-headed ogre (D:9)
  Pikel (D:4)
  The ghost of shugdite the Slasher, a novice MiFi (D:6)
  Joseph (D:9)
  The ghost of Xelenos the Skirmisher, a novice DgFi (D:5)
  Maurice (D:8)
  A troll (D:9)
  Grinder (D:4)
  A hippogriff (D:9)
  A wyvern (D:9)
  Sigmund (D:4)
  3 hungry ghosts
  Menkaure (D:6)
  Duvessa (D:4)
  2 orc warriors
  2 slaves (D:4)
  A sky beast (D:5)
  4 ice beasts
  2 black bears
  A necrophage (D:6)
  4 ogres
  2 centaurs (D:5)
  A crocodile (D:8)
  A big kobold (D:9)
  A bullfrog (D:7)
  Dowan (D:4)
  2 scorpions
  3 killer bees (D:9)
  A howler monkey (D:7)
  A bullfrog zombie (D:6)
  2 crimson imps
  A centaur zombie (D:7)
  3 jellies
  3 hounds
  2 orc priests
  4 iguanas
  Jessica (D:3)
  An orc wizard (D:7)
  4 worker ants
  A killer bee zombie (D:6)
  A hound zombie (D:9)
  A worker ant zombie (D:5)
  3 gnolls (D:7)
  13 adders
  A shadow imp (D:6)
  2 oozes
  An adder skeleton (D:7)
  A worm (D:2)
  4 dart slugs
  5 leopard geckos
  18 orcs
  A ball python (D:3)
  3 giant cockroaches
  6 goblins
  6 hobgoblins
  12 jackals
  2 quokkas
  2 bats
  8 frilled lizards
  13 kobolds
  A leopard gecko skeleton (D:4)
  9 rats
  A butterfly (D:7)
182 creatures vanquished.

Vanquished Creatures (others)
  A slave (D:7)
  2 howler monkeys (D:7)
  An orc wizard (D:4)
  An orc priest (D:4)
  A leopard gecko (D:7)
  An orc (D:4)
7 creatures vanquished.

Grand Total: 189 creatures vanquished

Notes
Turn   | Place    | Note
-------+----------+-------------------------------------------
     0 | D:1      | aMcNicky the Minotaur Fighter began the quest for the Orb.
     0 | D:1      | Reached XP level 1. HP: 19/19 MP: 0/0
   383 | D:1      | Reached XP level 2. HP: 27/27 MP: 1/1
   671 | D:1      | Reached skill level 3 in Long Blades
  1008 | D:2      | Reached XP level 3. HP: 33/33 MP: 2/2
  1316 | D:2      | Reached skill level 4 in Long Blades
  1316 | D:2      | Reached XP level 4. HP: 36/41 MP: 3/3
  1351 | D:2      | Found a stormy altar of Qazlal.
  1358 | D:2      | Became a worshipper of Qazlal Stormbringer
  1391 | D:2      | Found an opulent altar of Gozag.
  1874 | D:3      | Noticed Jessica
  1881 | D:3      | Killed Jessica
  2117 | D:3      | Reached XP level 5. HP: 47/47 MP: 4/4
  2135 | D:3      | Found a faded altar of an unknown god.
  2198 | D:4      | Noticed Grinder
  2206 | D:4      | Reached skill level 1 in Invocations
  2208 | D:4      | Noticed Duvessa
  2208 | D:4      | Noticed Dowan
  2211 | D:4      | Killed Grinder
  2211 | D:4      | Reached skill level 5 in Fighting
  2211 | D:4      | Reached skill level 6 in Long Blades
  2211 | D:4      | Reached XP level 6. HP: 56/56 MP: 4/6
  2219 | D:4      | Killed Duvessa
  2221 | D:4      | Killed Dowan
  2224 | D:4      | Reached XP level 7. HP: 60/62 MP: 5/8
  2286 | D:4      | Reached * piety under Qazlal
  2373 | D:4      | Noticed Sigmund
  2382 | D:4      | Killed Sigmund
  2382 | D:4      | Reached skill level 7 in Long Blades
  2409 | D:4      | Found a glowing golden altar of the Shining One.
  2411 | D:4      | Found a radiant altar of Vehumet.
  2411 | D:4      | Found a bloodstained altar of Trog.
  2413 | D:4      | Found an opulent altar of Gozag.
  2461 | D:4      | Noticed Pikel
  2496 | D:4      | Killed Pikel
  2496 | D:4      | Reached skill level 8 in Long Blades
  2496 | D:4      | Reached XP level 8. HP: 45/73 MP: 8/10
  2652 | D:4      | Reached skill level 9 in Long Blades
  2987 | D:5      | Entered Level 5 of the Dungeon
  3157 | D:5      | Noticed Xelenos's ghost (novice DgFi)
  3169 | D:5      | Killed Xelenos's ghost
  3169 | D:5      | Reached skill level 10 in Long Blades
  3169 | D:5      | Reached skill level 5 in Invocations
  3288 | D:5      | Reached XP level 9. HP: 72/81 MP: 11/11
  4037 | D:6      | Noticed shugdite's ghost (novice MiFi)
  4066 | D:6      | Killed shugdite's ghost
  4066 | D:6      | Reached skill level 11 in Long Blades
  4149 | D:6      | Found Xefuergh's Gadget Emporium.
  4413 | D:6      | Noticed Menkaure
  4420 | D:6      | Killed Menkaure
  4676 | D:6      | Found a sparkling altar of Nemelex Xobeh.
  5188 | D:7      | Reached ** piety under Qazlal
  5285 | D:7      | Reached skill level 12 in Long Blades
  5374 | D:7      | Reached XP level 10. HP: 91/91 MP: 14/14
  5783 | D:7      | Found a staircase to the Ecumenical Temple.
  6533 | D:8      | Noticed Maurice
  6549 | D:8      | Killed Maurice
  7249 | D:9      | Noticed Joseph
  7269 | D:9      | Killed Joseph
  7269 | D:9      | Reached skill level 10 in Fighting
  7313 | D:9      | Reached skill level 13 in Long Blades
  7766 | D:9      | Found a burning altar of Makhleb.
  7767 | D:9      | Found a shimmering altar of Xom.
  7872 | D:9      | Noticed Gastronok
  7888 | D:9      | Killed Gastronok
  7908 | D:9      | Noticed a two-headed ogre
  7915 | D:9      | Noticed a two-headed ogre
  7921 | D:9      | Killed a two-headed ogre
  7921 | D:9      | Reached skill level 14 in Long Blades
  7921 | D:9      | Reached XP level 11. HP: 65/101 MP: 16/16
  7923 | D:9      | Gained mutation: You are clumsy. (Dex -2) [potion of mutation]
  7923 | D:9      | Gained mutation: You are partially covered in large bone plates. (SH +4) [potion of mutation]
  7929 | D:9      | Slain by a two-headed ogre

Skill      XL: |  1  2  3  4  5  6  7  8  9 10 |
---------------+-------------------------------+-----
Fighting       | 4 5 7 8 9 10 | 10.8
Armour         | 4 |  4.0
Long Blades    | 3 4 6 8 10 12 14 | 14.0
Shields        | 4 |  4.0
Invocations    | 2 4 5 6 8 |  8.3

Action                   |  1- 3 |  4- 6 |  7- 9 | 10-12 || total
-------------------------+-------+-------+-------+-------++-------
Melee: Long sword        |    90 |    75 |   287 |   176 ||   628
       Headbutt          |    10 |    14 |    54 |    44 ||   122
  Use: Scroll            |       |     2 |     6 |     4 ||    12
       Potion            |       |     1 |       |     1 ||     2
  Eat: Chunk             |     1 |     3 |    21 |     7 ||    32
       Ration            |       |       |     2 |     2 ||     4
Armor: Scale mail        |    32 |    22 |    69 |    43 ||   166
Dodge: Dodged            |    23 |    22 |    60 |    33 ||   138
Block: Shield            |    46 |    34 |   115 |    74 ||   269
       Rpst.: Long sword |     5 |     4 |    13 |     6 ||    28
